 Dungeon Crawl Stone Soup version 0.31-a0-986-g5e6e4ef867 (webtiles) character file.

Game seed: 15399200079336384017

247 Sanktem7 the Conjurer (level 5, -12/28 HPs)
             Began as a Deep Elf Conjurer on Nov 10, 2023.
             Killed by divine providence
             ... invoked by an orc priest
              (14 damage)
             ... on level 4 of the Dungeon.
             The game lasted 00:11:54 (3007 turns).

Sanktem7 the Conjurer (Deep Elf Conjurer)           Turns: 3007, Time: 00:11:55

Health: -12/28     AC:  5    Str:  4    XL:     5   Next: 85%
Magic:  16/22      EV: 12    Int: 28    God:
Gold:   135        SH:  0    Dex: 10    Spells: 7/12 levels left

rFire   . . .        m - +0 short sword {short}
rCold   . . .        (no shield)
rNeg    . . .        a - +0 robe
rPois   +            j - +0 helmet
rElec   .            (no cloak)
rCorr   .            (no gloves)
SInv    .            g - +1 pair of boots of Rationality {Harm Int+3 Dex-3}
Will    .....        (no amulet)
Stlth   ++           d - ring of magical power
HPRegen 0.24/turn    s - ring of poison resistance
MPRegen 0.18/turn

%: harm (+30% outgoing, +20% incoming)
@: studying Axes
A: no striking features
a: no special abilities


You were on level 4 of the Dungeon.
You visited 1 branch of the dungeon, and saw 4 of its levels.

You collected 135 gold pieces.


   Skills:
 + Level 3.8 Dodging
 + Level 4.0 Stealth
 + Level 4.3 Spellcasting
 * Level 5.9 Conjurations
 + Level 2.1 Hexes


You had 7 spell levels left.
You knew the following spells:

 Your Spells              Type           Power      Damage    Failure   Level
a - Magic Dart            Conj           100%       1d8       1%          1
b - Searing Ray           Conj           78%        2d7       1%          2
c - Ensorcelled Hibernat  Hex/Ice        24%        N/A       7%          2

Your spell library contained the following spells:

 Spells                   Type           Power      Damage    Failure   Level
 Jinxbite                 Hex            36%        N/A       4%          2
 Dazzling Flash           Conj/Hex       56%        N/A       4%          3
 Apportation              Tloc           12%        N/A       7%          1
 Passwall                 Tmut/Erth      5%         N/A       11%         2
 Fulminant Prism          Conj/Hex       14%        3d8       14%         4
 Swiftness                Air            6%         N/A       22%         3
 Iskenderun's Mystic Bla  Conj/Tloc      22%        2d6       22%         4
 Alistair's Intoxication  Tmut/Pois      4%         N/A       89%         5

Inventory:

Hand Weapons
 m - a +0 short sword (weapon) {short}
   (You found it on level 1 of the Dungeon)
 v - a +1 vampiric whip {mace}
   (You took it off an orc on level 3 of the Dungeon)
 w - a +3 short sword {short}
   (You took it off an orc on level 3 of the Dungeon)
Missiles
 c - 19 stones {throwing}
 k - 2 javelins {throwing}
Armour
 a - a +0 robe (worn)
 g - the +1 pair of boots of Rationality (worn) {Harm Int+3 Dex-3}
   (You found it on level 2 of the Dungeon)

   Int+3:     It affects your intelligence (+3).
   Dex-3:     It affects your dexterity (-3).
   Harm:      It increases damage dealt and taken.
 j - a +0 helmet (worn)
   (You found it on level 1 of the Dungeon)
Jewellery
 d - a ring of magical power (left hand)
   (You found it on level 1 of the Dungeon)
 o - a ring of protection from fire
   (You found it on level 1 of the Dungeon)
 s - a ring of poison resistance (right hand)
   (You found it on level 3 of the Dungeon)
 t - a ring of protection from fire
   (You found it on level 3 of the Dungeon)
Scrolls
 e - a scroll of blinking {unknown}
 h - 5 scrolls of teleportation {unknown}
 i - a scroll of silence {unknown}
 p - a scroll of revelation {unknown}
 r - 2 scrolls of poison {unknown}
 u - a scroll of immolation {unknown}
 y - 3 scrolls of noise {unknown}
Potions
 b - a potion of magic
 f - 3 potions of degeneration {unknown}
 l - a potion of enlightenment {unknown}
 n - a potion of heal wounds {unknown}
 q - 2 potions of mutation {unknown}
 x - a potion of curing {unknown}
 z - a potion of cancellation {unknown}

Dungeon Overview and Level Annotations

Branches:
Dungeon (4/15) Zot: 20987
 Temple: D:4-7

Altars:
Dithmenos
Fedhas
Zin

Shops:
D:1 [ D:2

:* .###..##..#...## .o .
#......##...## .o
#..###..###..<## .##### ....
#.###.....## ....#####
#.##.......# #........
#.##.......# ##.#
...####.##...[...# #..#
#..............## #.#####..
....###..#.....@.######........
.. ##.#..........o....######
#...................##
..##..#.....####..###
##.##...## #..# #.###### #..#
#.# #... .. ..... ..#....


You could see an orc priest.


Message History

Found 10 gold pieces.
Found an escape hatch in the ceiling. 😎 MP[+1]
You now have 127 gold pieces (gained 2). 😎 MP[+1]
Your mp is fully restored (22).
You now have 135 gold pieces (gained 8).
You see here a +0 robe.
An orc, an orc wizard and 2 orc priests come into view.
The orc wizard shouts!
The orc priest shouts! x2; You hear a shout!
An orc wizard comes into view. It is wielding a +0 dagger.
The orc priest calls down the wrath of Beogh upon you.
Beogh smites you!
Ouch! That really hurt!
* * * LOW HITPOINT WARNING * * *
An orc priest comes into view. It is wielding a +0 flail.
The orc wizard moves out of view.
You hear a shout! 😨 HP[-15]
You take 15 damage, and now have 13/28 hp.
MASSIVE DAMAGE!! (PAUSE) 😨 HP[+1] 😮 HP[+1] 😮 HP[+1] 😮 HP[+1] 😮 HP[+1]
An orc wizard comes into view. It is wielding a +0 dagger.
Casting: Magic Dart (safe; 1% risk of failure)
Confirm with . or Enter, or press ? or * to list all spells.
Aiming: Magic Dart (safe; 1% risk of failure)
Press: ? - help, Shift-Dir - straight line, f - orc wizard
Aim: an orc wizard, wielding a +0 dagger and wearing a +0 robe (wandering, hasn't noticed you, 100% to hit)
The magic dart hits the orc wizard.
The orc wizard shouts! 😮 MP[-1]
You lost 1 mp, and now have 21/22 mp.
Casting: Magic Dart (safe; 1% risk of failure)
Confirm with . or Enter, or press ? or * to list all spells.
Aiming: Magic Dart (safe; 1% risk of failure)
Press: ? - help, Shift-Dir - straight line, f/p - orc wizard
Aim: an orc wizard, wielding a +0 dagger and wearing a +0 robe (lightly wounded, 100% to hit)
The magic dart hits the orc wizard.
The orc wizard casts a spell.
The orc wizard flickers and vanishes!
Deactivating autopickup; reactivate with Ctrl-A. 😮 MP[-1]
You lost 1 mp, and now have 20/22 mp.
Casting: Magic Dart (safe; 1% risk of failure)
Confirm with . or Enter, or press ? or * to list all spells.
You can't see any susceptible monsters within range! (Use Z to cast anyway.)
Casting: Magic Dart (safe; 1% risk of failure)
Confirm with . or Enter, or press ? or * to list all spells.
Aiming: Magic Dart (safe; 1% risk of failure)
Press: ? - help, Shift-Dir - straight line The magic dart hits something! 😮 MP[-1]
You lost 1 mp, and now have 19/22 mp.
Casting: Magic Dart (safe; 1% risk of failure)
Confirm with . or Enter, or press ? or * to list all spells.
Aiming: Magic Dart (safe; 1% risk of failure)
Press: ? - help, Shift-Dir - straight line, f - orc priest
Aim: an orc priest, wielding a +0 flail and wearing a +0 leather armour (100% to hit)
The magic dart hits something.
Reactivating autopickup.
You feel a bit more experienced.
Your Stealth skill increases to level 4! 😮 HP[+1] MP[-1]
You lost 1 mp, and now have 18/22 mp.
Casting: Magic Dart (safe; 1% risk of failure)
Confirm with . or Enter, or press ? or * to list all spells.
Aiming: Magic Dart (safe; 1% risk of failure)
Press: ? - help, Shift-Dir - straight line, f/p - orc priest
Aim: an orc priest, wielding a +0 flail and wearing a +0 leather armour (100% to hit)
The magic dart hits the orc priest.
The orc priest looks encouraged for a moment.
Casting: Magic Dart (safe; 1% risk of failure)
Confirm with . or Enter, or press ? or * to list all spells.
Aiming: Magic Dart (safe; 1% risk of failure)
Press: ? - help, Shift-Dir - straight line, f/p - orc priest
Aim: an orc priest, wielding a +0 flail and wearing a +0 leather armour (lightly wounded, 100% to hit)
The magic dart hits the orc priest. 😮 MP[-1]
You lost 1 mp, and now have 17/22 mp.
Casting: Magic Dart (safe; 1% risk of failure)
Confirm with . or Enter, or press ? or * to list all spells.
Aiming: Magic Dart (safe; 1% risk of failure)
Press: ? - help, Shift-Dir - straight line, f/p - orc priest
Aim: an orc priest, wielding a +0 flail and wearing a +0 leather armour (moderately wounded, 100% to hit)
The magic dart hits the orc priest but does no damage.
The orc priest calls down the wrath of Beogh upon you.
Beogh smites you!
Ouch! That really hurt!
* * * LOW HITPOINT WARNING * * *
😱 HP[-18] MP[-1]
You take 18 damage, and now have 1/28 hp.
MASSIVE DAMAGE!! (PAUSE)
You lost 1 mp, and now have 16/22 mp.
The orc priest calls down the wrath of Beogh upon you.
Beogh smites you!
Ouch! That really hurt!
You die...

Skill      XL: |  1  2  3  4  5 |
---------------+----------------+-----
Stealth        | 3 4 |  4.0
Dodging        | 3 |  3.8
Conjurations   | 5 |  5.9
Hexes          | 1 2 |  2.1
Spellcasting   | 4 |  4.3

Action                     |  1- 3 |  4- 6 || total
---------------------------+-------+-------++-------
  Melee: Unarmed           |     2 |       ||     2
         Short sword       |       |     3 ||     3
   Cast: Magic Dart        |    65 |    40 ||   105
         Searing Ray       |     1 |     8 ||     9
 Armour: Robe              |    15 |    19 ||    34
  Dodge: Dodged            |     6 |     8 ||    14

Levels and vault maps discovered:
D:1:      dpeg_arrival_solitude, layout_loops_ring, serial_shops, shop,
          hellmonk_ecumenical_altar_slurped_away
D:2:      layout_loops_ring, serial_shops, nicolae_shop_rolling_square,
          nicolae_shop_vocational
D:3:      layout_basic, mainiacjoe_overflow_six_doors_small, zin_angel,
          small_statue_intersection, uniq_natasha
D:4:      layout_rooms, nicolae_dithmenos_shadow_blocks, uniq_edmund

Notes
Turn   | Place    | Note
-------+----------+-------------------------------------------
     0 | D:1      | Sanktem7 the Deep Elf Conjurer began the quest for the Orb.
     0 | D:1      | Reached XP level 1. HP: 10/10 MP: 6/6
     0 | D:1      | magus.rc [v1.9.6]
   176 | D:1      | Reached XP level 2. HP: 14/15 MP: 8/8
   233 | D:1      | Found Timux's Antique Armour Emporium.
   267 | D:1      | You pick up a book of Party Tricks and begin reading...
   267 | D:1      | You add the spells Apportation, Jinxbite and Alistair's
                  | Intoxication to your library.
   355 | D:1      | Found a faded altar of an unknown god.
   676 | D:1      | Reached skill level 3 in Stealth
   956 | D:2      | Reached XP level 3. HP: 19/19 MP: 9/9
  1013 | D:2      | Found Elutejia's General Store.
  1152 | D:2      | You pick up a book of Burglary and begin reading...
  1152 | D:2      | You add the spells Passwall, Ensorcelled Hibernation and
                  | Swiftness to your library.
  1154 | D:2      | Identified the +1 pair of boots of Rationality {Harm Int+3
                  | Dex-3}
  1173 | D:2      | Learned a level 2 spell: Searing Ray
  1197 | D:2      | Learned a level 2 spell: Ensorcelled Hibernation
  1200 | D:2      | Found Suoduuddas's Vocational Training.
  1206 | D:2      | Reached skill level 3 in Dodging
  1206 | D:2      | Reached skill level 5 in Conjurations
  1708 | D:3      | Reached XP level 4. HP: 16/24 MP: 11/11
  1728 | D:3      | Noticed Natasha
  1844 | D:3      | Killed Natasha
  1845 | D:3      | Reached skill level 1 in Hexes
  1903 | D:3      | You pick up a book of Burglary and begin reading...
  1910 | D:3      | Found a blossoming altar of Fedhas.
  2201 | D:3      | Noticed Natasha
  2205 | D:3      | Killed Natasha
  2206 | D:3      | Reached skill level 4 in Spellcasting
  2206 | D:3      | Reached XP level 5. HP: 28/28 MP: 13/13
  2682 | D:3      | Found a glowing silver altar of Zin.
  2682 | D:3      | Noticed an angel
  2704 | D:4      | HP: 7/28 [poisoned by an adder]
  2907 | D:4      | Found a shadowy altar of Dithmenos.
  2934 | D:4      | Reached skill level 2 in Hexes
  3004 | D:4      | Reached skill level 4 in Stealth
  3006 | D:4      | HP: 1/28 [orc priest/divine providence (18)]
  3007 | D:4      | Killed from afar by an orc priest

Vanquished Creatures
  2 orc wizards
  Natasha (twice) (D:3)
  9 adders
  5 dart slugs
  6 orcs (D:3)
  7 ball pythons
  5 bats
  5 endoplasms
  A giant cockroach (D:3)
  3 goblins
  2 hobgoblins
  2 jackals (D:3)
  4 frilled lizards
  3 kobolds
  4 rats
60 creatures vanquished.

Table legend:
 A = Non-vault XP
 B = Vault XP
 C = Vault XP percentage of total XP
 D = Non-vault monster count
 E = Vault monster count
 F = Vault count percentage of total count
                 A         B        C        D         E       F
            +---------+---------+-------+---------+---------+-------
      Total |     317 |      37 |  10.5 |      58 |       2 |   3.3
            +---------+---------+-------+---------+---------+-------
        D:1 |      38 |       2 |   5.0 |      18 |       1 |   5.3
        D:2 |      53 |       0 |   0.0 |      12 |       0 |   0.0
        D:3 |     136 |      35 |  20.5 |      22 |       1 |   4.3
        D:4 |      90 |       0 |   0.0 |       6 |       0 |   0.0
            +---------+---------+-------+---------+---------+-------

Skill      XL: |  1  2  3  4  5 |
---------------+----------------+-----
Stealth        | 3 4 |  4.0
Dodging        | 3 |  3.8
Conjurations   | 5 |  5.9
Hexes          | 1 2 |  2.1
Spellcasting   | 4 |  4.3

Action                     |  1- 3 |  4- 6 || total
---------------------------+-------+-------++-------
  Melee: Unarmed           |     2 |       ||     2
         Short sword       |       |     3 ||     3
   Cast: Magic Dart        |    65 |    40 ||   105
         Searing Ray       |     1 |     8 ||     9
 Armour: Robe              |    15 |    19 ||    34
  Dodge: Dodged            |     6 |     8 ||    14

Illustrated notes

Table legend:
 A = Kills in this place as a percentage of kills in the entire game.
 B = Kills by you in this place as a percentage of kills by you in the entire game.
 C = Kills by friends in this place as a percentage of kills by friends in the entire game.
 D = Other kills in this place as a percentage of other kills in the entire game.
 E = Experience gained in this place as a percentage of experience gained in the entire game.
 F = Experience gained in this place divided by the number of levels of this place that you have seen.
                   A       B       C       D       E      F
               +-------+-------+-------+-------+-------+----------------------
         Total | 100.0 | 100.0 |   N/A |   N/A | 100.0 |  88.5
       Dungeon | 100.0 | 100.0 |   N/A |   N/A | 100.0 |  88.5
               +-------+-------+-------+-------+-------+----------------------

Table legend: (Time is in decaauts)
 A = Elapsed time spent in this place.
 B = Non-inter-level travel time spent in this place.
 C = Inter-level travel time spent in this place.
 D = Time resting spent in this place.
 E = Time spent auto-exploring this place.
 F = Levels seen in this place.
 G = Mean time per level.
                   A        B        C        D        E       F      G
               +--------+--------+--------+--------+--------+-----+--------+
         Total |   3011 |   2981 |     30 |    229 |   1855 |   4 |  752.8 |
       Dungeon |   3011 |   2981 |     30 |    229 |   1855 |   4 |  752.8 |
               +--------+--------+--------+--------+--------+-----+--------+

Top non-repeatable levels by time:
     D:3: 1063 daAuts
     D:1: 949 daAuts
     D:2: 682 daAuts
     D:4: 316 daAuts
